 Dungeon Crawl Stone Soup version 0.28-a0-909-g796cbd3a86 (webtiles) character file.

Game seed: 1145697649259551461

16 ytrimaz the Insei (level 2, 0/18 HPs)
             Began as an Octopode Transmuter on Nov 24, 2021.
             Slain by a kobold (3 damage)
             ... on level 1 of the Dungeon.
             The game lasted 00:01:12 (543 turns).

ytrimaz the Insei (Octopode Transmuter)              Turns: 543, Time: 00:01:13

Health: 0/18       AC:  1    Str:  9    XL:     2   Next: 58%
Magic:  5/5        EV: 13    Int: 15    God:
Gold:   0          SH:  0    Dex: 12    Spells: 4/5 levels left

rFire   . . .      SeeInvis .     - Unarmed
rCold   . . .      Faith    .   (no shield)
rNeg    . . .      Spirit   .   (helmet restricted)
rPois   .          Reflect  .   (no amulet)
rElec   .          Harm     .   (no ring)
rCorr   .          Rampage  .   (no ring)
Will    .....                   (no ring)
Stlth   ++........              (no ring)
HPRegen 0.06/turn               (no ring)
MPRegen 0.09/turn               (no ring)
                                (no ring)
                                (no ring)

@: no status effects
A: almost no armour, amphibious, 8 rings, camouflage 1, gelatinous body 1,
(nimble swimmer 1), tentacles
a: no special abilities


You were on level 1 of the Dungeon.
You visited 1 branch of the dungeon, and saw 1 of its levels.

Inventory:

Missiles
 b - 4 boomerangs (quivered)
Scrolls
 a - a scroll of vulnerability {unknown}


   Skills:
 - Level 1.0 Fighting
 - Level 2.0 Dodging
 + Level 3.3 Unarmed Combat
 * Level 2.1 Spellcasting
 * Level 2.5 Transmutations


You had 4 spell levels left.
You knew the following spells:

 Your Spells              Type           Power      Damage    Failure   Level
a - Beastly Appendage     Tmut           18%        N/A       8%          1

Your spell library contained the following spells:

 Spells                   Type           Power      Damage    Failure   Level
 Wereblood                Tmut           9%         N/A       12%         2
 Spider Form              Tmut/Pois      5%         N/A       36%         3
 Ice Form                 Ice/Tmut       5%         N/A       78%         4


Dungeon Overview and Level Annotations

Branches:
Dungeon (1/15)

Altars:


Innate Abilities, Weirdness & Mutations

You cannot wear most types of armour.
You are amphibious.
You can wear up to eight rings at the same time.
Your skin changes colour to match your surroundings (Stealth+).
Your rubbery body absorbs attacks. (AC +1, EV +1)
((You are camouflaged near water. (Stealth+)))
You have tentacles for arms and can constrict up to eight enemies at once.


Message History

Your grab misses the bat. You squeeze the bat.
You kill the bat!
You see here a bat corpse.
An endoplasm comes into view.
An endoplasm is nearby!
An endoplasm is nearby!
You throw a boomerang. The boomerang hits the endoplasm.
The endoplasm is severely wounded.
You throw a boomerang.
The boomerang hits the endoplasm but does no damage.
The endoplasm is severely wounded.
You tentacle-slap the endoplasm.
You kill the endoplasm!
Found a stone staircase leading down.
A kobold is nearby!
A kobold is nearby!
You throw a boomerang.
The boomerang closely misses the kobold.
You throw a boomerang. The boomerang hits the kobold.
The kobold is moderately wounded.
The kobold hits you with a +0 short sword.
You tentacle-slap the kobold. Your grab misses the kobold.
The kobold is heavily wounded.
The kobold hits you with a +0 short sword.
You tentacle-slap the kobold but do no damage.
Your grab misses the kobold. Your squeeze misses the kobold.
The kobold is heavily wounded.
The kobold hits you with a +0 short sword.
You barely miss the kobold. Your grab misses the kobold.
Your squeeze misses the kobold.
The kobold is heavily wounded.
The kobold barely misses you.
You barely miss the kobold. Your grab misses the kobold.
The kobold is heavily wounded.
The kobold hits you with a +0 short sword.
* * * LOW HITPOINT WARNING * * *
You closely miss the kobold. Your grab misses the kobold.
The kobold is heavily wounded.
The kobold hits you with a +0 short sword.
You die...

≈≈.≈≈≈####≈#
##+####.<#≈#### .#
......+..#≈..... ..
##+####'##≈#.####>#
......#.#≈≈# .....##.#
..8...#.#≈≈#.# #..##.#
#####.+.#≈≈..###..##.#
..8...#.#≈≈.....K.##.#
......#.#≈≈#####@# #.#
##+####'##≈# ###.# #.# #
......'..#≈###...###.##.#
##'####.∩#≈....#........#
≈≈.≈≈≈####≈......###.####
≈≈.≈≈≈≈≈≈≈≈####### #.#
##..######## #.# ##..#
#.# ....########### #.#


You could see a kobold.

Vanquished Creatures
  2 endoplasms (D:1)
  2 giant cockroaches (D:1)
  4 goblins (D:1)
  A hobgoblin (D:1)
  2 kobolds (D:1)
  A ball python (D:1)
  2 bats (D:1)
14 creatures vanquished.

Notes
Turn   | Place    | Note
-------+----------+-------------------------------------------
     0 | D:1      | ytrimaz the Octopode Transmuter began the quest for the
                  | Orb.
     0 | D:1      | Reached XP level 1. HP: 13/13 MP: 3/3
   149 | D:1      | Reached XP level 2. HP: 18/18 MP: 5/5
   543 | D:1      | Slain by a kobold

Illustrated notes

Levels and vault maps discovered:
D:1:      heliophobic_arrival_glass_houses, layout_loops_ring,
          grunt_decor_clamped

Action                   || total
-------------------------++-------
Melee: Unarmed           ||    35
       Constrict         ||     8
       Tentacles         ||     6
Throw: Boomerang         ||     9
 Stab: Sleeping          ||     1
Armor: Skin              ||     3
Dodge: Dodged            ||    23

Table legend: (Time is in decaauts)
 A = Elapsed time spent in this place.
 B = Non-inter-level travel time spent in this place.
 C = Inter-level travel time spent in this place.
 D = Time resting spent in this place.
 E = Time spent auto-exploring this place.
 F = Levels seen in this place.
 G = Mean time per level.
                   A        B        C        D        E       F      G
               +--------+--------+--------+--------+--------+-----+--------+
         Total |    543 |    543 |      0 |      0 |    398 |   1 |  543.0 |
       Dungeon |    543 |    543 |      0 |      0 |    398 |   1 |  543.0 |
               +--------+--------+--------+--------+--------+-----+--------+

Top non-repeatable levels by time:
     D:1: 543 daAuts
